 Dungeon Crawl Stone Soup version 0.24.0-29-g8ce449bc06 (webtiles) character file.

Game seed: 3135167427850633171, levelgen mode: deterministic

9 Descartes the Insei (level 2, -2/14 HPs)
             Began as a Vine Stalker Transmuter on Nov 14, 2019.
             Hit by a stone thrown by a kobold (4 damage)
             ... on level 1 of the Dungeon.
             The game lasted 00:00:39 (272 turns).

Descartes the Insei (Vine Stalker Transmuter)        Turns: 272, Time: 00:00:39

Health: -2/14      AC:  3    Str: 12    XL:     2   Next: 16%
Magic:  0/6        EV: 12    Int: 13    God:
Gold:   4          SH:  0    Dex: 14    Spells: 4/5 levels left

rFire    . . .     SeeInvis .     - Unarmed
rCold    . . .     Gourm    .   (no shield)
rNeg     . . .     Faith    .   b - +0 robe
rPois    .         Spirit   +   (no helmet)
rElec    .         Reflect  .   f - +0 cloak
rCorr    .         Harm     .   (no gloves)
MR       .....                  (no boots)
Stlth    +.........             (no amulet)
HPRegen  0.04/turn              (no ring)
MPRegen  0.10/turn              (no ring)

@: no status effects
A: fangs 2, magic shield, antimagic bite, no potion heal 3, rot immunity
a: no special abilities


You were on level 1 of the Dungeon.
You were not hungry.

You visited 1 branch of the dungeon, and saw 1 of its levels.

You collected 4 gold pieces.

Inventory:

Hand Weapons
 e - a +0 hunting sling
Missiles
 a - 12 arrows
 c - 15 stones (quivered)
Armour
 b - a +0 robe (worn)
 f - a +0 cloak (worn)
Scrolls
 h - a scroll of teleportation {unknown}
 j - a scroll of identify {unknown}
Potions
 g - a potion of haste {unknown}
Comestibles
 d - a ration
 i - a chunk of flesh


   Skills:
 - Level 0.8 Fighting
 - Level 1.5 Dodging
 + Level 3.6 Unarmed Combat
 - Level 2.1 Spellcasting
 - Level 2.0 Transmutations


You had 4 spell levels left.
You knew the following spells:

 Your Spells              Type           Power        Failure   Level  Hunger
a - Beastly Appendage     Tmut           #.....       11%         1    ##.....

Your spell library contained the following spells:

 Spells                   Type           Power        Failure   Level  Hunger
 Sticks to Snakes         Tmut           #.......     17%         2    ###....
 Spider Form              Tmut/Pois      #.........   45%         3    ####...
 Ice Form                 Ice/Tmut       #.......     86%         4    #####..
 Blade Hands              Tmut           #.........   97%         5    ######.


Dungeon Overview and Level Annotations

Branches:
Dungeon (1/15)

Altars:


Innate Abilities, Weirdness & Mutations

You have extremely sharp teeth.
When hurt, damage is shared between your health and your magic reserves.
Your bite disrupts and absorbs the magic of your enemies.
Potions cannot restore your health.
You are immune to rotting.


Message History

The frilled lizard bites you but does no damage.
You barely miss the kobold. Your bite misses the kobold.
You closely miss the frilled lizard. The frilled lizard closely misses you.
The kobold throws a stone.
The stone barely misses you. The kobold hits you but does no damage.
You closely miss the frilled lizard. The frilled lizard bites you.
The kobold hits you with a +0 club.
You closely miss the frilled lizard. The frilled lizard bites you.
* * * LOW HITPOINT WARNING * * *
The kobold throws a stone.
The stone hits you but does no damage. The kobold hits you but does no damage.
You hit the frilled lizard.
You kill the frilled lizard!
The kobold throws a stone.
The stone hits you.
* * * LOW HITPOINT WARNING * * *
The kobold hits you with a +0 club.
* * * LOW HITPOINT WARNING * * *
You miss the kobold. You bite the kobold, but do no damage.
The kobold throws a stone.
The stone hits you.
You die...

.. #### . # # #. ######
[#.####### #.....
....)...# #.#### #......#
#..#..
##K....#########...#.
#.##..֠..............#.
#(....K@..........#..#..
#..##....)..%......#.####
. ##...................
#...................
#.............######
#####.........#
#.........# #.........#
#### #.........# #...


You could see 2 kobolds.

Vanquished Creatures
  A dart slug (D:1)
  A bat (D:1)
  2 kobolds (D:1)
  2 frilled lizards (D:1)
  2 rats (D:1)
8 creatures vanquished.

Notes
Turn   | Place    | Note
-------+----------+-------------------------------------------
     0 | D:1      | Descartes the Vine Stalker Transmuter began the quest for
                  | the Orb.
     0 | D:1      | Reached XP level 1. HP: 9/9 MP: 4/4
   244 | D:1      | Reached XP level 2. HP: 14/14 MP: 6/6
   272 | D:1      | Hit by a stone thrown by a kobold

Levels and vault maps discovered:
D:1:      scummos_arrival_star, layout_basic, minmay_hexomino_u4

Action                   || total
-------------------------++-------
Melee: Unarmed           ||    23
       Bite              ||     6
Armor: Robe              ||     5
Dodge: Dodged            ||     9
